 Dungeon Sprint DCSS version 0.26-a0-831-g7192265339 (webtiles) character file.

Game seed: 2127781160018630375

459 sahdkjhfkaj the Thrower (level 6, -10/50 HPs)
             Began as a Minotaur Hunter on Nov 16, 2020.
             Was a Follower of Okawaru.
             Shot with an arrow by a centaur warrior (18 damage)
             ... in the Dungeon (Sprint IX: "|||||||||||||||||||||||||||||").
             The game lasted 00:00:44 (420 turns).

sahdkjhfkaj the Thrower (Minotaur Hunter)            Turns: 420, Time: 00:00:44

Health: -10/50     AC: 10    Str: 19    XL:     6   Next: 78%
Magic:  5/5        EV:  7    Int:  8    God:    Okawaru [*.....]
Gold:   0          SH:  0    Dex: 10    Spells: 5/5 levels left

rFire    . . .     SeeInvis .   o - +2 scimitar (flame)
rCold    . . .     Faith    .   (no shield)
rNeg     . . .     Spirit   .   p - +1 chain mail
rPois    .         Reflect  .   (helmet restricted)
rElec    .         Harm     .   (no cloak)
rCorr    .         Rampage  .   a - +0 pair of gloves
MR       .....     NoTele   +   (no boots)
Stlth    ..........             (no amulet)
HPRegen  0.16/turn              (no ring)
MPRegen  0.09/turn              (no ring)

@: no status effects
A: retaliatory headbutt, horns 2
a: Heroism, Renounce Religion


You were in the Dungeon.
You worshipped Okawaru.
Okawaru was aware of your devotion.
You visited 1 branch

Inventory:

Hand Weapons
 o - a +2 scimitar of flaming (weapon)
Missiles
 d - 2 throwing nets (quivered) {!f}
Armour
 a - a +0 pair of gloves (worn)
 p - a +1 chain mail (worn)
Jewellery
 b - a +3 ring of intelligence
 q - a +2 ring of evasion
Wands
 n - a wand of acid (10)
Scrolls
 j - 2 scrolls of blinking {!r}
 l - 3 scrolls of remove curse {!r}
 m - 2 scrolls of amnesia {!r}
Potions
 e - 5 potions of curing {!q}
 f - 3 potions of heal wounds {!q}
 g - a potion of haste {!q}
 h - 4 potions of magic {!q}
 i - a potion of berserk rage {!q}
 k - a potion of invisibility {!q}


   Skills:
 - Level 2.4 Fighting
 + Level 14.4 Throwing
 - Level 2.1 Dodging
 - Level 0.7 Stealth


You had 5 spell levels left.
You didn't know any spells.
Your spell library was empty.

Dungeon Overview and Level Annotations

Branches:
Dungeon (1/1)

Altars:
Cheibriados
Dithmenos
Elyvilon
Fedhas
Gozag
Hepliaklqana
Kikubaaqudgha
Makhleb
Nemelex Xobeh
Okawaru
Qazlal
Ru
Sif Muna
Trog
Uskayaw
Vehumet
Wu Jian
Xom
Yredelemnul
Zin
The Shining One
Beogh
Jiyva
Lugonu


Innate Abilities, Weirdness & Mutations

You reflexively headbutt those who attack you in melee.
You have a pair of horns on your head.


Message History

Unknown command.
Unknown command.
Unknown command.
Unknown command.
Unknown command.
Unknown command.
Unknown command.
Unknown command.
Unknown command.
Unknown command.
Throwing (i - inventory. (/) - cycle)
c - a javelin (quivered)
Press: ? - help, Shift-Dir - straight line, f/p - centaur warrior
Aim: a centaur warrior, wielding a +0 shortbow and quivering 14 arrows (almost dead)
You throw a javelin.
The javelin barely misses the centaur warrior.
The javelin closely misses the red ugly thing.
The javelin pierces through the orc warrior.
The orc warrior is almost dead.
The centaur warrior shoots an arrow.
The arrow hits you!!
You die...

▓.▓
▓(▓
▓)▓
▓)▓
▓÷▓
▓.▓
▓.▓
▓.▓
▓@▓
▓'▓
▓c▓
▓u▓
▓o▓
▓.▓
▓)▓
▓(▓


You could see a red ugly thing, a centaur warrior and an orc warrior.

Vanquished Creatures
  2 ogres (D)
  2 centaurs (D)
  A scorpion (D)
  A hound (D)
  A worker ant (D)
  An adder (D)
  2 ufetubi (D)
  An adder zombie (D)
  A dart slug (D)
  A leopard gecko (D)
  A giant cockroach (D)
  A hobgoblin (D)
  3 goblins (D)
  A leopard gecko zombie (D)
19 creatures vanquished.

Notes
Turn   | Place    | Note
-------+----------+-------------------------------------------
     0 | D        | sahdkjhfkaj the Minotaur Hunter began the quest for the
                  | Orb.
     0 | D        | Reached XP level 1. HP: 18/18 MP: 0/0
     6 | D        | Reached skill level 5 in Throwing
    14 | D        | Noticed a worker ant
    16 | D        | Reached skill level 6 in Throwing
    16 | D        | Reached XP level 2. HP: 25/25 MP: 1/1
    17 | D        | Reached skill level 8 in Throwing
    17 | D        | Reached XP level 3. HP: 30/30 MP: 2/2
    30 | D        | Found a roughly hewn altar of Beogh.
    30 | D        | Found a snail-covered altar of Cheibriados.
    30 | D        | Found a shadowy altar of Dithmenos.
    30 | D        | Found a white marble altar of Elyvilon.
    30 | D        | Found a blossoming altar of Fedhas.
    30 | D        | Found an opulent altar of Gozag.
    31 | D        | Found a hazy altar of Hepliaklqana.
    32 | D        | Found a viscous altar of Jiyva.
    33 | D        | Found an ancient bone altar of Kikubaaqudgha.
    34 | D        | Found a corrupted altar of Lugonu.
    35 | D        | Found a burning altar of Makhleb.
   136 | D        | Found a sparkling altar of Nemelex Xobeh.
   137 | D        | Found an iron altar of Okawaru.
   138 | D        | Found a stormy altar of Qazlal.
   139 | D        | Found a sacrificial altar of Ru.
   140 | D        | Found a shimmering blue altar of Sif Muna.
   141 | D        | Found a bloodstained altar of Trog.
   142 | D        | Found a hide-covered altar of Uskayaw.
   143 | D        | Found a radiant altar of Vehumet.
   144 | D        | Found an ornate altar of the Wu Jian Council.
   145 | D        | Became a worshipper of Warmaster Okawaru
   146 | D        | Found a shimmering altar of Xom.
   147 | D        | Found a basalt altar of Yredelemnul.
   148 | D        | Found a glowing silver altar of Zin.
   149 | D        | Found a glowing golden altar of the Shining One.
   194 | D        | Noticed an ogre
   194 | D        | Noticed a centaur
   198 | D        | Killed an ogre
   199 | D        | Reached skill level 10 in Throwing
   199 | D        | Reached XP level 4. HP: 12/37 MP: 3/3
   199 | D        | Reached XP level 5. HP: 14/42 MP: 4/4
   200 | D        | Reached skill level 11 in Throwing
   201 | D        | Killed a centaur
   201 | D        | Reached * piety under Okawaru
   202 | D        | Reached skill level 12 in Throwing
   415 | D        | Noticed a centaur warrior
   415 | D        | Noticed an orc warrior
   415 | D        | Noticed an ogre
   415 | D        | Noticed a red ugly thing
   415 | D        | Noticed a centaur
   417 | D        | Reached skill level 13 in Throwing
   417 | D        | Reached XP level 6. HP: 26/50 MP: 5/5
   419 | D        | Reached skill level 14 in Throwing
   420 | D        | Shot with an arrow by a centaur warrior

Illustrated notes

Levels and vault maps discovered:
D:        linesprint [early_d, line_temple, items_1, d_10, items_2, lair_1,
          lair_end, items_3, orc_1, orc_end, items_4, d_15, swamp_1, shoals_1,
          snake_1, spider_1, d_20, vaults_1, items_5, swamp_end, shoals_end,
          snake_end, spider_end, vaults_end, d_27, items_6, zot_1, zot_end,
          crypt_end, forest_end, elf_end, slime_end, tomb_end, abyss_end,
          pan_hell_end]

Skill      XL: |  1  2  3  4  5  6 |
---------------+-------------------+-----
Throwing       | 6 8 10 13 14 | 14.4
Fighting       | |  2.4
Dodging        | |  2.1
Stealth        | |  0.7

Action                   |  1- 3 |  4- 6 || total
-------------------------+-------+-------++-------
Melee: Short sword       |     6 |       ||     6
       Headbutt          |     1 |       ||     1
       Scimitar          |       |     1 ||     1
Throw: Javelin           |     9 |     6 ||    15
Armor: Chain mail        |     1 |     2 ||     3
Dodge: Dodged            |     7 |       ||     7

Table legend: (Time is in decaauts)
 A = Elapsed time spent in this place.
 B = Non-inter-level travel time spent in this place.
 C = Inter-level travel time spent in this place.
 D = Time resting spent in this place.
 E = Time spent auto-exploring this place.
 F = Levels seen in this place.
 G = Mean time per level.
                   A        B        C        D        E       F      G
               +--------+--------+--------+--------+--------+-----+--------+
         Total |    421 |    421 |      0 |    100 |    213 |   1 |  421.0 |
       Dungeon |    421 |    421 |      0 |    100 |    213 |   1 |  421.0 |
               +--------+--------+--------+--------+--------+-----+--------+

Top non-repeatable levels by time:
       D: 421 daAuts
